 Dungeon Crawl Stone Soup version 0.29-a0-330-g52719c12eb (webtiles) character file.

Game seed: 1927629051735485872

123 Crownlay the Shooter (level 4, 0/23 HPs)
             Began as a Spriggan Hunter on May 13, 2022.
             Slain by Grinder (1 damage)
             ... on level 3 of the Dungeon.
             The game lasted 00:02:45 (1631 turns).

Crownlay the Shooter (Spriggan Hunter)              Turns: 1631, Time: 00:02:46

Health: 0/23       AC:  2    Str:  7    XL:     4   Next: 80%
Magic:  5/5        EV: 19    Int: 10    God:
Gold:   114        SH:  0    Dex: 20    Spells: 3/3 levels left

rFire   . . .      SeeInvis +   a - +1 shortbow
rCold   . . .      Faith    .   (shield currently unavailable)
rNeg    . . .      Spirit   .   b - +0 robe
rPois   .          Reflect  .   (helmet restricted)
rElec   .          Harm     .   (no cloak)
rCorr   .          Rampage  .   (gloves unavailable)
Will    .....                   (boots unavailable)
Stlth   +++.......              (no amulet)
HPRegen 0.07/turn               (no ring)
MPRegen 0.09/turn               (no ring)

@: very quick
A: very small, no large weapons, unfitting armour, see invisible, speed 3
a: no special abilities


You were on level 3 of the Dungeon.
You visited 1 branch of the dungeon, and saw 3 of its levels.

You collected 114 gold pieces.

Inventory:

Hand Weapons
 a - a +1 shortbow (weapon)
Armour
 b - a +0 robe (worn)
Scrolls
 c - 2 scrolls of immolation
 e - a scroll of fog {unknown}
 g - a scroll of brand weapon {unknown}
 i - a scroll of fear {unknown}
 j - a scroll of vulnerability {unknown}
 k - 3 scrolls of identify {unknown}
Potions
 d - a potion of cancellation {unknown}
 f - a potion of heal wounds {unknown}
 h - a potion of brilliance {unknown}
 l - a potion of mutation {unknown}
 m - a potion of haste {unknown}


   Skills:
 + Level 2.4 Fighting
 + Level 5.6 Bows
 + Level 4.0 Dodging
 + Level 3.7 Stealth


You had 3 spell levels left.
You didn't know any spells.
Your spell library contained the following spells:

 Spells                   Type           Power      Damage    Failure   Level
 Sublimation of Blood     Necr           0%         N/A       50%         2
 Wereblood                Tmut           0%         N/A       50%         2
 Summon Hydra             Summ           0%         N/A       100%        7


Dungeon Overview and Level Annotations

Branches:
Dungeon (3/15)

Altars:
Qazlal
Wu Jian

Annotations:
D:3 Grinder


Innate Abilities, Weirdness & Mutations

You are very small and have problems with some larger weapons.
You are too small for most types of armour.
You have supernaturally acute eyesight. (SInv)
You cover ground extremely quickly. (Speed+++)


Message History

You shoot an arrow. The arrow closely misses Grinder.
You shoot an arrow. The arrow completely misses Grinder.
Grinder blinks!
No target in view!
k - 3 scrolls labelled ATSUOPT LIXEANEVUE (gained 2) Grinder is nearby!
You shoot an arrow. The arrow hits Grinder.
Grinder is moderately wounded.
You shoot an arrow. The arrow completely misses Grinder.
You shoot an arrow. The arrow hits Grinder!
Grinder is heavily wounded.
Grinder says, "Just stop there for a second..."
Grinder drinks a potion.
Grinder is healed!
You shoot an arrow. The arrow closely misses Grinder.
You shoot an arrow. The arrow hits Grinder.
Grinder is moderately wounded.
Grinder gestures at you. Pain shoots through your body!
Ouch! That really hurt!
You are too injured to fight recklessly!
You are too injured to fight recklessly!
Unknown command.
You are too injured to fight recklessly!
Shoot: a) +1 shortbow
Press: ? - help, Shift-Dir - straight line, f/p - Grinder
Aim: Grinder (moderately wounded, 63% to hit)
You shoot an arrow. The arrow closely misses Grinder.
Shoot: a) +1 shortbow
Press: ? - help, Shift-Dir - straight line, f/p - Grinder
Aim: Grinder (moderately wounded, 63% to hit)
You shoot an arrow. The arrow hits Grinder!
Grinder is heavily wounded.
Shoot: a) +1 shortbow
Press: ? - help, Shift-Dir - straight line, f/p - Grinder
Aim: Grinder (heavily wounded, 63% to hit)
You shoot an arrow. The arrow hits Grinder!
Grinder is severely wounded.
Grinder hits you!
* * * LOW HITPOINT WARNING * * *
You writhe in agony.
You die...

# ####### #
#.....######## #
#.###........#
########.###..#####.
...........#..####
###...##.........#
##.....#.#.#..##.#
###...##.###..##.##.#
##.###........@[..#
#.# #####.###5##.#
#.# #. #.# # #+## #.
#.# ##...## #> ..#
##.....## .##
#.......## .
.........# ..
.........+


You could see Grinder.

Vanquished Creatures
  Robin (D:2)
  A gnoll (D:1)
  An adder (D:3)
  A dart slug (D:2)
  5 orcs (D:3)
  4 ball pythons
  3 bats
  3 endoplasms
  5 giant cockroaches
  16 goblins
  7 hobgoblins
  12 jackals
  4 kobolds
  A quokka (D:2)
  3 frilled lizards
  5 rats
72 creatures vanquished.

Notes
Turn   | Place    | Note
-------+----------+-------------------------------------------
     0 | D:1      | Crownlay the Spriggan Hunter began the quest for the Orb.
     0 | D:1      | Reached XP level 1. HP: 10/10 MP: 2/2
   104 | D:1      | Reached skill level 5 in Bows
   104 | D:1      | Reached XP level 2. HP: 15/15 MP: 3/3
   337 | D:1      | Reached XP level 3. HP: 18/18 MP: 4/4
   906 | D:2      | Reached XP level 4. HP: 23/23 MP: 5/5
   906 | D:2      | Noticed Robin
   956 | D:2      | Killed Robin
  1367 | D:3      | Found an ornate altar of the Wu Jian Council.
  1490 | D:3      | Found a stormy altar of Qazlal.
  1612 | D:3      | Noticed Grinder
  1613 | D:3      | Paralysed by Grinder for 6 turns
  1631 | D:3      | HP: 1/23 [Grinder (10)]
  1631 | D:3      | Slain by Grinder

Illustrated notes

Levels and vault maps discovered:
D:1:      minmay_arrival_semitransparent, layout_rooms
D:2:      layout_loops_cross, amethyst_killhole, uniq_robin
D:3:      layout_loops_corners, nicolae_qazlal_eye_of_the_storm,
          nzn_wu_jian_contemplation, shapermc_ecumenical_altar_hornbeckon,
          minmay_misc_feat_encased, uniq_grinder

Skill      XL: |  1  2  3  4 |
---------------+-------------+-----
Stealth        | 2 3 |  3.7
Bows           | 5 |  5.6
Dodging        | 3 4 |  4.0
Fighting       | 2 |  2.4

Action                   |  1- 3 |  4- 6 || total
-------------------------+-------+-------++-------
 Fire: Shortbow          |    99 |    72 ||   171
Armor: Robe              |     2 |     2 ||     4
Dodge: Dodged            |    23 |    17 ||    40

Table legend: (Time is in decaauts)
 A = Elapsed time spent in this place.
 B = Non-inter-level travel time spent in this place.
 C = Inter-level travel time spent in this place.
 D = Time resting spent in this place.
 E = Time spent auto-exploring this place.
 F = Levels seen in this place.
 G = Mean time per level.
                   A        B        C        D        E       F      G
               +--------+--------+--------+--------+--------+-----+--------+
         Total |   1211 |   1201 |     10 |      0 |    902 |   3 |  403.7 |
       Dungeon |   1211 |   1201 |     10 |      0 |    902 |   3 |  403.7 |
               +--------+--------+--------+--------+--------+-----+--------+

Top non-repeatable levels by time:
     D:2: 691 daAuts
     D:1: 263 daAuts
     D:3: 256 daAuts
